 Dungeon Crawl Stone Soup version 0.32-a0-818-gb728d0252e (webtiles) character file.

Game seed: 8706781354893679175

329 smashvw the Sneak (level 6, 0/38 HPs)
             Began as an Octopode Shapeshifter on Mar 24, 2024.
             Slain by a gnoll
             ... wielding a +0 club
              (9 damage)
             ... on level 4 of the Dungeon.
             The game lasted 00:06:25 (2788 turns).

smashvw the Sneak (Octopode Shapeshifter)           Turns: 2788, Time: 00:06:26

Health: 0/38       AC:  1    Str: 13    XL:     6   Next: 51%
Magic:  6/6        EV: 13    Int: 13    God:
Gold:   160        SH:  0    Dex: 13    Spells: 5/5 levels left

rFire   . .          .
                       - Unarmed
rCold   . . .        (no shield)
rNeg    . . .        (helmet currently unavailable)
rPois   .            (no amulet)
rElec   .            (no ring)
rCorr   .            (no ring)
SInv    .            (no ring)
Will    .....        (no ring)
Stlth   ++++         (no ring)
HPRegen 0.26/turn    (no ring)
MPRegen 0.10/turn    (no ring)
                     (no ring)

%: no passive effects
@: beast-form
A: beast (slay +2), almost no armour, amphibious, 8 rings, camouflage 1,
gelatinous body 1, (nimble swimmer 1), tentacles
a: Begin Untransformation


You were on level 4 of the Dungeon.
You were a hulking beast.
You visited 2 branches of the dungeon, and saw 5 of its levels.

You collected 160 gold pieces.

Inventory:

Missiles
 j - 2 poisoned darts (quivered)
Talismans
 b - a beast talisman (active)
 c - a flux talisman
Wands
 l - a wand of flame (25)
Scrolls
 d - a scroll of fear
 f - 2 scrolls of vulnerability
 g - a scroll of revelation {unknown}
 h - a scroll of torment {unknown}
 i - a scroll of teleportation {unknown}
Potions
 a - a potion of lignification
 e - 4 potions of curing {unknown}
 k - a potion of heal wounds {unknown}


   Skills:
 - Level 1.0 Fighting
 + Level 4.2 Dodging
 + Level 4.9 Stealth
 - Level 3.0 Unarmed Combat
 + Level 4.5 Shapeshifting


You had 5 spell levels left.
You didn't know any spells.
Your spell library contained the following spells:

 Spells                   Type           Power      Damage    Failure   Level
 Call Canine Familiar     Summ           0%         N/A       67%         3
 Frozen Ramparts          Ice            0%         1d1       67%         3
 Ozocubu's Armour         Ice            0%         N/A       67%         3
 Sigil of Binding         Hex            0%         N/A       67%         3
 Dimensional Bullseye     Hex/Tloc       0%         N/A       97%         4
 Metabolic Englaciation   Hex/Ice        0%         N/A       100%        5


Dungeon Overview and Level Annotations

Branches:
Dungeon (4/15)             Temple (1/1) D:4

Altars:
Ashenzari
Dithmenos
Elyvilon
Hepliaklqana
Kikubaaqudgha
Makhleb
Qazlal
Ru
Sif Muna
Uskayaw
Wu Jian
Zin
The Shining One


Innate Abilities, Weirdness & Mutations

You are a hulking beast.
Your limbs bulge with bestial killing power. (Slay +2)
You cannot wear most types of armour.
You are amphibious.
You can wear up to eight rings at the same time.
Your skin changes colour to match your surroundings (Stealth+).
Your rubbery body absorbs attacks. (AC +1, EV +1)
((You are camouflaged when in or above water. (Stealth+)))
You have tentacles for arms and can constrict up to eight enemies at once.


Message History

You tentacle-slap the goblin. Your grab misses the goblin.
Your tentacle-slap misses the goblin.
The goblin is severely wounded.
The goblin closely misses you.
You bludgeon the goblin!
You kill the goblin!
Items here: ( ))) †.
The adder seems to regain its courage.
Items here: ( ))) †.
The gnoll hits you from afar with a +0 halberd!
* * * LOW HITPOINT WARNING * * *
The gnoll closely misses you.
Items here: ( ))) †.
You tentacle-slap the gnoll but do no damage.
You grab the gnoll. You squeeze the gnoll.
The gnoll is lightly wounded.
You constrict the gnoll. The gnoll barely misses you.
You tentacle-slap the gnoll.
The gnoll is severely wounded.
You constrict the gnoll. The gnoll barely misses you.
You tentacle-slap the gnoll.
You kill the gnoll!
The adder barely misses you.
You tentacle-slap the adder. You grab the adder. You squeeze the adder.
The adder is severely wounded.
You feel your willpower return.
You constrict the adder.
You kill the adder!
A gnoll is nearby!
The gnoll hits you with a +0 spear!
* * * LOW HITPOINT WARNING * * *
The gnoll shouts!
You tentacle-slap the gnoll. You grab the gnoll.
The gnoll is lightly wounded.
You constrict the gnoll. You tentacle-slap the gnoll. You squeeze the gnoll!
You kill the gnoll!
You closely miss the gnoll. You grab the gnoll. You constrict the gnoll.
The gnoll hits you with a +0 club!
You die...

...####
.###........
..#.#####...
#..##.).##.......
..#(.!(.#.####..
#.#?$$?$###..##g
#.#.$$:(##[...#.
#h##!$.'#'....#.
##g#####.##..##.
##)†..#)###+#..
##).##?##g.?.#
##...').?#.##.#
##....##.##.#
#...†..###..#
+..............
#..†......####..


You could see a gnoll.

Vanquished Creatures
  An ogre (D:4)
  An iguana (D:4)
  Ijyb (D:3)
  4 gnolls
  7 adders
  A ribbon worm (D:4)
  A dart slug (D:2)
  9 endoplasms
  A giant cockroach (D:1)
  6 goblins
  10 hobgoblins
  6 jackals
  8 kobolds
  4 quokkas
  10 ball pythons
  2 bats
  4 frilled lizards
  9 rats
85 creatures vanquished.

Notes
Turn   | Place    | Note
-------+----------+-------------------------------------------
     0 | D:1      | smashvw the Octopode Shapeshifter began the quest for the
                  | Orb.
     0 | D:1      | Reached XP level 1. HP: 13/13 MP: 1/1
    32 | D:1      | Reached skill level 1 in Stealth
    33 | D:1      | Reached XP level 2. HP: 7/18 MP: 2/2
   216 | D:1      | Reached XP level 3. HP: 19/23 MP: 3/3
   995 | D:2      | Reached XP level 4. HP: 21/28 MP: 4/4
  2030 | D:3      | Reached XP level 5. HP: 31/33 MP: 5/5
  2228 | D:3      | Noticed Ijyb
  2244 | D:3      | Killed Ijyb
  2479 | D:4      | Found a broken altar of Ashenzari.
  2528 | D:4      | Noticed an ogre
  2537 | D:4      | Killed an ogre
  2538 | D:4      | Reached XP level 6. HP: 38/38 MP: 6/6
  2600 | D:4      | Found a staircase to the Ecumenical Temple.
  2608 | Temple   | Entered the Ecumenical Temple
  2788 | D:4      | Slain by a gnoll

Illustrated notes

Levels and vault maps discovered:
D:1:      shiori_shiawase, layout_basic
D:2:      layout_basic
D:3:      layout_basic, roderic_st_hans_cross, uniq_ijyb
D:4:      layout_loops_corners, ashenzari_conservatory_becter,
          minmay_temple_entry_enclosed_plants, ebering_ghost_rock_garden,
          minmay_joined_circles
Temple:   hc_temple_tempest_star

Skill      XL: |  1  2  3  4  5  6 |
---------------+-------------------+-----
Stealth        | 1 2 3 4 |  4.9
Dodging        | 3 4 |  4.2
Shapeshifting  | 4 |  4.5
Fighting       | |  1.0
Unarmed Combat | |  3.0

Action                     |  1- 3 |  4- 6 || total
---------------------------+-------+-------++-------
  Melee: Unarmed           |    63 |   100 ||   163
         Tentacles         |    15 |    17 ||    32
         Constrict         |    16 |    20 ||    36
         Punch             |       |     3 ||     3
    Use: Scroll            |       |     2 ||     2
   Stab: Sleeping          |     6 |    15 ||    21
 Armour: Skin              |    21 |    25 ||    46
  Dodge: Dodged            |    32 |    48 ||    80

Table legend: (Time is in decaauts)
 A = Elapsed time spent in this place.
 B = Non-inter-level travel time spent in this place.
 C = Inter-level travel time spent in this place.
 D = Time resting spent in this place.
 E = Time spent auto-exploring this place.
 F = Levels seen in this place.
 G = Mean time per level.
                   A        B        C        D        E       F      G
               +--------+--------+--------+--------+--------+-----+--------+
         Total |   2779 |   2728 |     51 |      0 |   2223 |   5 |  555.8 |
       Dungeon |   2777 |   2726 |     51 |      0 |   2223 |   4 |  694.2 |
        Temple |      1 |      1 |      0 |      0 |      0 |   1 |    1.0 |
               +--------+--------+--------+--------+--------+-----+--------+

Top non-repeatable levels by time:
     D:1: 832 daAuts
     D:3: 817 daAuts
     D:2: 776 daAuts
     D:4: 351 daAuts
  Temple: 1 daAuts
